 Dungeon Crawl Stone Soup version 0.19.0-20-gbc5f0c6 (console) character file.

2586 2d6 the Charlatan (level 9, 0/81 HPs)
             Began as a Deep Dwarf Chaos Knight on Nov 17, 2016.
             Was an Initiate of Makhleb.
             Slain by sheala's ghost (1 damage)
             ... on level 7 of the Dungeon.
             The game lasted 00:33:41 (4925 turns).

2d6 the Charlatan (Deep Dwarf Chaos Knight)         Turns: 4925, Time: 00:33:41

Health: 0/81       AC:  9    Str: 19    XL:     9   Next: 32%
Magic:  11/11      EV: 12    Int: 13    God:    Makhleb [......]
Gold:   188        SH:  0    Dex: 12    Spells: 1 memorised, 7 levels left

rFire  . . .     SeeInvis .     a - +0 falchion (chaos)
rCold  . . .     Gourm    .     b - +2 leather armour
rNeg   . . .     Faith    .     D - +0 shield
rPois  +         Spirit   .     (helmet restricted)
rElec  .         Reflect  .     G - +1 cloak {rPois}
rCorr  +         Harm     +     (no gloves)
MR     +....                    o - +0 pair of boots
Stlth  +.........               r - amulet of harm (curse)
                                (no ring)
                                f - ring of resist corrosion

@: confused, non-regenerating
A: damage resistance, recharge devices, horns 1, sense surroundings 2, slow
regeneration 3, wild magic 1
a: Device Recharging, Renounce Religion


You were on level 7 of the Dungeon.
You worshipped Makhleb.
Makhleb was noncommittal.
You were not hungry.

You visited 2 branches of the dungeon, and saw 8 of its levels.

You collected 336 gold pieces.
You spent 148 gold pieces at shops.

Inventory:

Hand Weapons
 a - a +0 falchion of chaos (weapon)
 y - a +1 mace of protection
 E - a +0 long sword
 K - a +0 shortbow of velocity
 L - a +0 hand axe of flaming
Missiles
 e - 124 stones (quivered)
 g - 5 silver tomahawks
 n - 8 curare-tipped needles
 p - 4 tomahawks
Armour
 b - a +2 leather armour (worn)
 o - a +0 pair of boots (worn)
 A - a +1 helmet
 D - a +0 shield (worn)
 F - a +0 scale mail
 G - a +1 cloak of poison resistance (worn)
 O - a +0 plate armour
Jewellery
 f - a ring of resist corrosion (left hand)
 k - an uncursed amulet of rage
 r - a cursed amulet of harm (around neck)
 u - an uncursed ring of ice {unknown}
 x - an uncursed ring of teleportation
Wands
 c - a wand of heal wounds (2/9)
 B - a wand of digging (7/24)
 C - a wand of lightning (3/15)
 H - a wand of teleportation (1/9)
 J - a wand of polymorph (11/24)
Scrolls
 l - a scroll of immolation
 N - a scroll of amnesia
 Q - a scroll of enchant armour
Potions
 h - 2 potions of haste {unknown}
 i - a potion of degeneration {unknown}
 j - 6 potions of curing {unknown}
 m - a potion of cure mutation {unknown}
 t - a potion of might {unknown}
 z - a potion of ambrosia
 I - a potion of flight {unknown}
 M - a potion of brilliance {unknown}
 P - a potion of invisibility {unknown}
 R - a potion of mutation {unknown}
Books
 v - a book of Cantrips

   Spells                             Type                      Level
   a - Confusing Touch                Hexes                        1
   b - Animate Skeleton               Necromancy                   1
   c - Summon Small Mammal            Summoning                    1
   d - Apportation                    Translocation                1
Comestibles
 d - 8 bread rations
 q - 4 beef jerkies
 s - 7 meat rations
 w - 7 fruits


   Skills:
 + Level 5.5 Fighting
 + Level 6.1 Long Blades
 + Level 6.1 Armour
 + Level 5.9 Dodging
 + Level 3.9 Shields
 + Level 0.6 Invocations
 + Level 7.2 Evocations


You had 7 spell levels left.
You knew the following spells:

 Your Spells              Type           Power        Failure   Level  Hunger
a - Summon Small Mammal   Summ           #...         98%         1    ##.....


Dungeon Overview and Level Annotations

Branches:
Dungeon (7/15)             Temple (1/1) D:5

Altars:
Ashenzari
Elyvilon
Fedhas
Gozag
Hepliaklqana
Makhleb
Nemelex Xobeh
Okawaru
Ru
Sif Muna
Trog
Uskayaw
Vehumet
Xom
Yredelemnul
Zin
The Shining One
Lugonu

Shops:
D:5 *

Annotations:
D:7 sheala's ghost, novice DEEn


Innate Abilities, Weirdness & Mutations

You are resistant to damage.
You can recharge devices by infusing magical energy.
You passively map the area around you.
You do not regenerate.
You have a pair of small horns on your head.
Your spells are a little harder to cast, but a little more powerful.


Message History

Nothing appears to happen.
This wand has 2 charges left.
Sheala's ghost hits you but does no damage.
You miss sheala's ghost. Your headbutt misses sheala's ghost.
Sheala's ghost is heavily damaged.
Sheala's ghost closely misses you.
You bump into the rock wall.
Sheala's ghost casts a spell at you. The spray of energy hits you!
* * * LOW HITPOINT WARNING * * *
You are more confused.
You bump into the rock wall.
Sheala's ghost lets out a mournful wail.
Sheala's ghost hits you but does no damage.
You bump into the rock wall.
Sheala's ghost hits you.
* * * LOW HITPOINT WARNING * * *
You bump into the rock wall.
Sheala's ghost hits you.
* * * LOW HITPOINT WARNING * * *
You're too confused to move!
Sheala's ghost hits you.
You die...
Xom guffaws!

#.# .#* , #.##.#
* * #....##, ,
#!....# . , *
##.....#o. ,
........# , , *
#.....# * *
########.....#
*,
#...@W†...#....#
,
#<######.##*,.5.
, #.# , $## * .,
#.# , #,* * *
#.# , ,,,* #.# *
* * * #.#,,,, *
* , * ** #.# * ,
* ,, ..# * *


You could see sheala's ghost.

Vanquished Creatures
  Grinder (D:5)
  Eustachio (D:6)
  The ghost of Vesto the Conjurer, an amateur OpCj (D:5)
  Edmund (D:5)
  A water moccasin (D:5)
  An orc warrior (D:6)
  2 ice beasts
  A sky beast (D:6)
  A phantom (D:4)
  2 ogres (D:4)
  2 centaurs (D:5)
  Blork the orc (D:5)
  2 bullfrogs
  3 scorpions (D:4)
  A crimson imp (D:6)
  A quasit (D:7)
  A bullfrog zombie (D:5)
  A jelly (D:6)
  2 orc priests
  A centaur skeleton (D:4)
  5 hounds
  2 iguanas
  Ijyb (D:3)
  An orc wizard (D:6)
  8 worker ants
  A worker ant zombie (D:6)
  6 adders
  3 gnolls (D:4)
  2 shadow imps (D:5)
  2 oozes
  3 worms
  A dart slug (D:3)
  6 leopard geckos
  22 orcs
  4 giant cockroaches
  6 goblins
  4 hobgoblins
  12 jackals
  4 quokkas
  2 ball pythons
  A ball python skeleton (D:4)
  7 bats
  6 frilled lizards
  7 kobolds
  A quokka zombie (D:6)
  4 rats
148 creatures vanquished.

Vanquished Creatures (collateral kills)
  A gnoll (D:4)
1 creature vanquished.

Vanquished Creatures (others)
  A hound skeleton (D:4)
1 creature vanquished.

Grand Total: 150 creatures vanquished

Notes
Turn   | Place    | Note
-------+----------+-------------------------------------------
     0 | D:1      | 2d6 the Deep Dwarf Chaos Knight began the quest for the Orb.
     0 | D:1      | Reached XP level 1. HP: 20/20 MP: 1/1
   148 | D:1      | Reached skill level 1 in Evocations
   148 | D:1      | Reached XP level 2. HP: 20/27 MP: 2/2
   544 | D:2      | Found a white marble altar of Elyvilon.
   550 | D:2      | Reached XP level 3. HP: 23/33 MP: 4/4
   867 | D:2      | XOM: silly message
   910 | D:2      | Found an iron altar of Okawaru.
  1056 | D:2      | XOM: divination: magic mapping
  1218 | D:2      | XOM: give mutation
  1218 | D:2      | Gained mutation: Your spells are a little harder to cast, but a little more powerful. [Xom's grace]
  1234 | D:2      | Reached skill level 2 in Evocations
  1243 | D:2      | XOM: god gift: fuming purple potion {god gift}
  1269 | D:3      | Reached XP level 4. HP: 37/42 MP: 5/5
  1361 | D:3      | Noticed Ijyb
  1384 | D:3      | Killed Ijyb
  1402 | D:3      | Learned a level 1 spell: Summon Small Mammal
  1417 | D:3      | XOM: fog
  1423 | D:3      | Reached XP level 5. HP: 34/49 MP: 5/7
  1576 | D:3      | XOM: cloud trail
  1689 | D:3      | XOM: 3-stop teleportation journey
  1913 | D:4      | Noticed an ogre
  1916 | D:4      | XOM: divine lightning
  1936 | D:4      | Killed an ogre
  1936 | D:4      | Reached skill level 3 in Evocations
  1955 | D:4      | XOM: summons 2 friendly demons
  1956 | D:4      | Reached XP level 6. HP: 27/57 MP: 8/8
  2103 | D:4      | XOM: divination: detect items
  2147 | D:4      | XOM: divination: detect creatures
  2171 | D:4      | XOM: god gift: 5 meat rations
  2180 | D:4      | Reached skill level 4 in Evocations
  2203 | D:4      | XOM: enchant monster (good)
  2256 | D:4      | Reached XP level 7. HP: 23/64 MP: 9/9
  2288 | D:4      | XOM: cleaving
  2522 | D:4      | Reached skill level 1 in Shields
  2709 | D:4      | Reached skill level 5 in Evocations
  2797 | D:4      | XOM: divination: magic mapping
  2836 | D:5      | Entered Level 5 of the Dungeon
  3019 | D:5      | Noticed Blork the orc
  3020 | D:5      | XOM: confuse monster(s)
  3026 | D:5      | XOM: scenery: create altars
  3031 | D:5      | XOM: confuse monster(s)
  3033 | D:5      | Killed Blork the orc
  3036 | D:5      | Reached skill level 5 in Long Blades
  3036 | D:5      | Reached XP level 8. HP: 44/73 MP: 9/11
  3068 | D:5      | Found Zookitti's Serpentskin Sales.
  3073 | D:5      | Noticed Edmund
  3132 | D:5      | Noticed Grinder
  3137 | D:5      | XOM: 4-stop teleportation journey
  3157 | D:5      | Bought a +1 cloak of poison resistance for 148 gold pieces
  3165 | D:5      | Killed Edmund
  3187 | D:5      | Noticed Vesto's ghost (amateur OpCj)
  3191 | D:5      | Killed Vesto's ghost
  3191 | D:5      | Reached skill level 5 in Armour
  3221 | D:5      | XOM: 6-stop teleportation journey
  3258 | D:5      | Reached skill level 5 in Dodging
  3258 | D:5      | Reached skill level 6 in Evocations
  3344 | D:5      | XOM: 3-stop teleportation journey
  3577 | D:5      | Found an opulent altar of Gozag.
  3584 | D:5      | XOM: give mutation
  3584 | D:5      | Gained mutation: You have a pair of small horns on your head. [Xom's grace]
  3611 | D:5      | Reached skill level 5 in Fighting
  3651 | D:5      | Found a staircase to the Ecumenical Temple.
  3661 | Temple   | Entered the Ecumenical Temple
  3910 | D:5      | XOM: divination: magic mapping
  3918 | D:5      | Killed Grinder
  4036 | D:6      | Found a radiant altar of Vehumet.
  4037 | D:6      | Found a blossoming altar of Fedhas.
  4039 | D:6      | Found a shattered altar of Ashenzari.
  4039 | D:6      | Found a glowing silver altar of Zin.
  4071 | D:6      | Found a basalt altar of Yredelemnul.
  4074 | D:6      | XOM: scenery: 1 doors open, 1 doors close
  4074 | D:6      | Found a glowing golden altar of the Shining One.
  4077 | D:6      | XOM: cast spell 'Call Canine Familiar'
  4087 | D:6      | Gained mutation: You passively map the area around you. [Deep Dwarf growth]
  4087 | D:6      | Reached XP level 9. HP: 41/81 MP: 10/12
  4089 | D:6      | Noticed an angel
  4204 | D:6      | XOM: enchant monster (good)
  4205 | D:6      | Found a sacrificial altar of Ru.
  4454 | D:6      | Reached skill level 7 in Evocations
  4584 | D:6      | Noticed Eustachio
  4598 | D:6      | Killed Eustachio
  4724 | D:6      | XOM: mild Necr miscast
  4762 | D:6      | Found a burning altar of Makhleb.
  4771 | D:6      | Fell from the grace of Xom
  4771 | D:6      | Became a worshipper of Makhleb the Destroyer
  4867 | D:7      | Noticed sheala's ghost (novice DEEn)
  4920 | D:7      | HP: 3/81 [sheala's ghost/spray of energy (17)]
  4924 | D:7      | HP: 1/81 [sheala's ghost (1)]
  4925 | D:7      | Slain by sheala's ghost

Skill      XL: |  1  2  3  4  5  6  7  8  9 |
---------------+----------------------------+-----
Evocations     | 1 2 3 4 5 6 7 |  7.2
Fighting       | 3 4 5 |  5.5
Dodging        | 2 3 4 5 |  5.9
Armour         | 3 4 5 6 |  6.1
Long Blades    | 4 5 6 |  6.1
Shields        | 1 3 |  3.9
Invocations    | |  0.6

Action                   |  1- 3 |  4- 6 |  7- 9 || total
-------------------------+-------+-------+-------++-------
Melee: Falchion          |   125 |   172 |   310 ||   607
       Headbutt          |       |       |    32 ||    32
Throw: Stone             |       |       |     2 ||     2
 Cast: Summon Small Mamm |       |     1 |       ||     1
 Abil: Device Recharging |       |     1 |     2 ||     3
Evoke: Wand              |     1 |     5 |    11 ||    17
  Use: Scroll            |     1 |     8 |     4 ||    13
       Potion            |     1 |       |       ||     1
 Stab: Petrified         |       |     6 |       ||     6
       Confused          |       |     1 |     1 ||     2
       Paralysed         |       |     1 |     4 ||     5
       Distracted        |       |       |     1 ||     1
       Invisible         |       |       |     1 ||     1
  Eat: Chunk             |     1 |     4 |     9 ||    14
Armor: Leather armour    |    35 |    35 |    84 ||   154
Dodge: Dodged            |    65 |    96 |   133 ||   294
Block: Shield            |       |       |   106 ||   106
       Rpst.: Falchion   |    21 |    28 |    55 ||   104
